Match 44426959
Unlisted

Match 44426959
End
Selects Heavy Weapons
Construct Barracks
Riflemen Squad
Riflemen Squad
M1 Mortar Team
Riflemen Squad
Construct Weapon Support Center
Grenade Package
Selects Assault Carriers
M1919 Machine Gun Team
Selects Exchangeable Parts
Air Support Center
M3 Assault Carrier
P-47 Strafing Run
P-47 Dive Bomb
Bazooka Squad
M3 Assault Carrier
Engineer Squad
Grasshopper Recon Run
P-47 Strafing Run
M1918 Browning Automatic Rifles
Construct Tank Depot
P-47 Strafing Run
Construct Medical Station
M4A1 Sherman Medium Tank
P-47 Dive Bomb
P-47 Strafing Run
Reshala
Raedwulf
gUi
Kain
Black Dynamite
Blue Semtex
UrMumGey420
Bllndc
0
0

Comments sign in to comment!

No comments posted yet!